[Event "ICC tourney 2149 (70 10)"]
[Site "Internet Chess Club"]
[Date "2020.11.21"]
[Round "3"]
[White "travelworld"]
[Black "Yadavalli"]
[Result "0-1"]
[ICCResult "White checkmated"]
[WhiteElo "1155"]
[BlackElo "1250"]
[Opening "French: exchange variation"]
[ECO "C01"]
[NIC "FR.01"]
[Time "19:34:21"]
[TimeControl "4200+10"]

1. e4 e6 2. d4 d5 3. exd5 exd5 4. Nc3 Nf6 5. Nf3 c6 6. Be2 Be7 7. O-O O-O 8.
Bf4 Be6 9. Qd2 Nbd7 10. h3 Bb4 11. a3 Ne4 12. Qd3 Bxc3 13. bxc3 Bf5 14. Qe3
Re8 15. Ne5 f6 16. Nxd7 Qxd7 17. Qf3 Nxc3 18. Qxc3 Rxe2 19. Rac1 Rae8 20. g4
Bg6 21. Be3 Re4 22. Rfe1 Rxe1+ 23. Rxe1 h5 24. f3 Re8 25. Kf2 hxg4 26. hxg4
Qd6 27. Rh1 b6 28. a4 a5 29. Bd2 c5 30. dxc5 bxc5 31. Qxa5 Bxc2 32. Qc3 Bxa4
33. Qd3 Kf7 34. Qf5 Qe5 35. Qxe5 Rxe5 36. Bf4 Re6 37. Ra1 Bb5 38. Ra5 Rb6
39. Ra7+ Ke6 40. Rxg7 Be8 41. g5 Rb2+ 42. Kg3 fxg5 43. Bxg5 Bf7 44. Kf4 Rb4+
45. Ke3 Rb3+ 46. Ke2 Rb2+ 47. Ke3 d4+ 48. Ke4 Re2+ 49. Kd3 Rf2 50. Kc4 Rc2+
51. Kd3 Rc3+ 52. Ke4 Bh5 53. Re7+ Kd6 54. f4 Re3+ 55. Kf5 Rxe7 56. Bxe7+
Kxe7 57. Ke4 Kd6 58. Kd3 Bg6+ 59. Kd2 c4 60. Kd1 c3 61. Kc1 d3 62. Kd1 Bh5+
63. Kc1 Kc5 64. f5 Kb4 65. f6 Kb3 66. f7 d2+ 67. Kb1 d1=Q# {White
checkmated} 0-1

[Event "ICC tourney 2149 (70 10)"]
[Site "Internet Chess Club"]
[Date "2020.11.21"]
[Round "3"]
[White "Deng16"]
[Black "serenacool"]
[Result "0-1"]
[ICCResult "White checkmated"]
[WhiteElo "1411"]
[BlackElo "1314"]
[Opening "Ruy Lopez: Berlin defense"]
[ECO "C65"]
[NIC "RL.07"]
[Time "19:35:44"]
[TimeControl "4200+10"]

1. e4 e5 2. Nf3 Nc6 3. Bb5 Nf6 4. d3 d6 5. c3 a6 6. Ba4 Bg4 7. h3 Bh5 8. O-O
Be7 9. Nbd2 O-O 10. Re1 b5 11. Bc2 d5 12. exd5 Nxd5 13. Nf1 Qd6 14. Ng3 Bg6
15. Qe2 Rfe8 16. Ng5 Nf4 17. Bxf4 exf4 18. Nf1 Rad8 19. Ne4 Qd5 20. Qf3 Ne5
21. Qe2 f3 22. gxf3 Bh5 23. Nh2 Ng6 24. Ng4 Nf4 25. Qf1 Bh4 26. Rad1 Qxa2
27. Ra1 Qxb2 28. Rec1 f5 29. Ne3 fxe4 30. Nd1 Qxc1 31. Rxc1 Bxf3 32. dxe4
Ne2+ 33. Kh2 Nxc1 34. Ne3 Rd2 35. Ng4 Bxg4 36. Qxc1 Rxf2+ 37. Kg1 Bxh3 38.
Bb3+ Kh8 39. Qe3 Rg2+ 40. Kh1 Bg3 41. Qf3 Rh2+ 42. Kg1 Rf2 43. Qxg3 Rg2+ 44.
Qxg2 Bxg2 45. Kxg2 Rxe4 46. Bd5 Re5 47. c4 a5 48. Kf3 a4 49. Kf4 Rxd5 50.
cxd5 a3 51. Ke5 a2 52. Ke6 a1=Q 53. Kd7 b4 54. Kxc7 b3 55. d6 Qc3+ 56. Kd7
b2 57. Ke7 b1=Q 58. d7 Qf6+ 59. Ke8 Qe4# {White checkmated} 0-1

[Event "ICC tourney 2149 (70 10)"]
[Site "Internet Chess Club"]
[Date "2020.11.21"]
[Round "3"]
[White "mehtaaditya"]
[Black "welmo"]
[Result "0-1"]
[ICCResult "White checkmated"]
[WhiteElo "1551"]
[BlackElo "1527"]
[Opening "Four knights: Spanish, classical defense"]
[ECO "C48"]
[NIC "KP.03"]
[Time "19:34:28"]
[TimeControl "4200+10"]

1. e4 e5 2. Nf3 Nc6 3. Nc3 Nf6 4. Bb5 Bc5 5. Nxe5 Nxe5 6. d4 Bd6 7. dxe5
Bxe5 8. O-O h6 9. f4 Bxc3 10. bxc3 O-O 11. e5 Nh7 12. Bd3 d6 13. Bxh7+ Kxh7
14. exd6 Qxd6 15. Qxd6 cxd6 16. Ba3 Rd8 17. f5 b6 18. Rad1 d5 19. c4 Bb7 20.
cxd5 Rxd5 21. Bb2 Rxd1 22. Rxd1 Bc6 23. f6 gxf6 24. Bxf6 Re8 25. Kf2 Re6 26.
Bb2 Kg6 27. Rd4 Rf6+ 28. Kg3 Re6 29. Rg4+ Kf5 30. Rf4+ Kg6 31. h4 Rd6 32.
Kg4 h5+ 33. Kg3 Re6 34. Kh3 Rd6 35. Kh2 Re6 36. Rf1 Bd5 37. a3 Be4 38. Rc1
Rc6 39. c3 Rd6 40. Re1 f5 41. Re2 Kf6 42. a4 Ke6 43. Ba1 Kd5 44. Rd2+ Kc5
45. Ra2 Kc4 46. g3 a5 47. Kg1 Kb3 48. Rb2+ Kxa4 49. Kf2 Rd1 50. Ra2+ Kb3 51.
Rb2+ Ka3 52. Ra2+ Kxa2 53. g4 fxg4 54. Ke3 Bg6 55. Kf4 Rxa1 56. c4 Rc1 57.
c5 Rxc5 58. Ke3 Kb3 59. Kf4 Kc4 60. Ke3 Kc3 61. Kf4 Rf5+ 62. Ke4 Kc4 63. Ke3
Rf3+ 64. Ke2 Kd4 65. Kd1 Rf2 66. Ke1 Ke3 67. Kd1 Rf1# {White checkmated} 0-1

[Event "ICC tourney 2149 (70 10)"]
[Site "Internet Chess Club"]
[Date "2020.11.21"]
[Round "3"]
[White "EmmiDM"]
[Black "rulloa"]
[Result "0-1"]
[ICCResult "White resigns"]
[WhiteElo "1236"]
[BlackElo "185"]
[Opening "Sicilian: Kan, 5.Nc3"]
[ECO "B43"]
[NIC "SI.41"]
[Time "19:34:31"]
[TimeControl "4200+10"]

1. e4 c5 2. Nf3 e6 3. d4 cxd4 4. Nxd4 a6 5. Nc3 Qc7 6. Be3 Ba3 7. Nce2 Bxb2
8. Rb1 Bc3+ 9. Bd2 Bxd2+ 10. Qxd2 Nc6 11. Nxc6 dxc6 12. Qg5 f6 13. Qc5 b5
14. Nd4 Bd7 15. Bd3 Ne7 16. O-O e5 17. Nf5 Nxf5 18. exf5 Kf7 19. c4 Rhd8 20.
cxb5 axb5 21. Rxb5 Qa7 22. Bc4+ Ke8 23. Qxa7 Rxa7 24. Rc5 Ke7 25. Bb3 Kd6
26. Rfc1 Rc8 27. g4 g6 28. fxg6 hxg6 29. f3 Rb7 30. Kf2 Rb4 31. Ke3 Rh8 32.
R5c2 Rh3 33. Rd2+ Kc7 34. Rg2 e4 35. Bd5 Rxf3+ 36. Ke2 Rb2+ {White resigns}
0-1

[Event "ICC tourney 2149 (70 10)"]
[Site "Internet Chess Club"]
[Date "2020.11.21"]
[Round "3"]
[White "thihansa"]
[Black "ChessHero76"]
[Result "0-1"]
[ICCResult "White checkmated"]
[WhiteElo "1193"]
[BlackElo "1418"]
[Opening "Two knights defense (Modern bishop's opening)"]
[ECO "C55"]
[NIC "IG.01"]
[Time "19:34:19"]
[TimeControl "4200+10"]

1. e4 e5 2. Nf3 Nc6 3. Bc4 Nf6 4. d3 Be7 5. c3 d6 6. Bb3 Bg4 7. Nbd2 Qd7 8.
h3 Bh5 9. O-O O-O-O 10. Re1 h6 11. a4 g5 12. g4 Bg6 13. Nf1 Nh7 14. Ng3 Nf8
15. Be3 Ne6 16. Bxe6 fxe6 17. b4 b6 18. a5 Kb7 19. axb6 cxb6 20. Qa4 Rc8 21.
Qa6+ Kb8 22. Bxb6 axb6 23. Qa8+ Kc7 24. Qa6 Rb8 25. Qb5 Kd8 26. Ra6 Qb7 27.
Rea1 Rf8 28. Kg2 Rf4 29. Ne2 Rf7 30. R1a2 Kc7 31. Qc4 Kd7 32. Qb5 Ke8 33.
Qc4 Qd7 34. Qb5 Nd8 35. Qc4 Kf8 36. b5 Kg7 37. Ra7 Rb7 38. Rxb7 Qxb7 39. Ra6
d5 40. Qa4 dxe4 41. Nxe5 exd3+ 42. Kf1 dxe2+ 43. Kxe2 Rf4 44. Qa2 Qe4+ 45.
Kf1 Qxe5 46. Rxb6 Bd3+ 47. Kg2 Qe4+ 48. Kg1 Qe1+ 49. Kg2 Qf1+ 50. Kg3 Qg1#
{White checkmated}
0-1

[Event "ICC tourney 2149 (70 10)"]
[Site "Internet Chess Club"]
[Date "2020.11.21"]
[Round "3"]
[White "aditya7708"]
[Black "iamvoltu"]
[Result "1-0"]
[ICCResult "Black checkmated"]
[WhiteElo "1545"]
[BlackElo "1439"]
[Opening "Réti opening"]
[ECO "A04"]
[NIC "QP.10"]
[Time "19:34:40"]
[TimeControl "4200+10"]

1. Nf3 c5 2. g3 Nc6 3. c4 d6 4. Bg2 Nf6 5. Nc3 g6 6. d3 Bg7 7. O-O O-O 8.
Re1 Re8 9. a3 a6 10. Rb1 Rb8 11. b4 b5 12. cxb5 axb5 13. bxc5 dxc5 14. Nxb5
Na7 15. a4 Nd5 16. Bd2 Nxb5 17. Rxb5 Rxb5 18. axb5 Qb6 19. Qb3 Be6 20. Ng5
Nf4 21. Nxe6 Nxe6 22. e3 Rb8 23. Rb1 Nc7 24. Bc6 Ne6 25. Qa4 Rc8 26. Ba5 Qb8
27. Bd7 Rf8 28. b6 Rd8 29. Bxe6 fxe6 30. b7 Re8 31. Qxe8+ Qxe8 32. b8=Q Qxb8
33. Rxb8+ Kf7 34. Rc8 Bf6 35. Rxc5 Kg7 36. Bc3 Kf7 37. Bxf6 Kxf6 38. Kg2 e5
39. Kf3 e6 40. Ke4 g5 41. Rxe5 g4 42. d4 h5 43. Rxh5 Kg6 44. Re5 Kf6 45.
Rxe6+ Kxe6 46. Kf4 Kd5 47. Kxg4 Ke4 48. h4 Kd5 49. h5 Ke6 50. d5+ Kf7 51. d6
Kg7 52. h6+ Kh7 53. d7 Kg6 54. h7 Kf7 55. h8=Q Kg6 56. Qg8+ Kf6 57. d8=Q+
Ke5 58. Qgd5# {Black checkmated} 1-0

[Event "ICC tourney 2149 (70 10)"]
[Site "Internet Chess Club"]
[Date "2020.11.21"]
[Round "3"]
[White "tjdavis2nd"]
[Black "Munkhbileg2"]
[Result "0-1"]
[ICCResult "White resigns"]
[WhiteElo "1182"]
[BlackElo "1473"]
[Opening "Pirc: classical (two knights) system"]
[ECO "B08"]
[NIC "PU.10"]
[Time "19:35:11"]
[TimeControl "4200+10"]

1. d4 Nf6 2. Nf3 g6 3. Nc3 d6 4. e4 Bg7 5. Bd3 O-O 6. Bf4 c5 7. Qd2 cxd4 8.
Nxd4 e5 9. Nf3 exf4 10. O-O Nc6 11. Qxf4 Nh5 12. Qe3 Qa5 13. Bc4 Ne5 14.
Nxe5 Bxe5 15. Nd5 Be6 16. Ne7+ Kg7 17. Qd3 Nf4 18. Qb3 Ne2+ 19. Kh1 Nd4 20.
Qd3 Bxc4 21. Qxc4 Qc5 22. Qd3 Qxc2 23. Qh3 Nc6 24. Nd5 Qxe4 25. Ne3 Nd4 26.
Rad1 Nf5 27. f3 Qf4 28. Ng4 h5 29. Nxe5 dxe5 30. g3 Qb4 31. Rd3 Rfd8 32.
Rfd1 Rxd3 33. Rxd3 Qe1+ 34. Kg2 Qe2+ 35. Kg1 Qxd3 {White resigns} 0-1

[Event "ICC tourney 2149 (70 10)"]
[Site "Internet Chess Club"]
[Date "2020.11.21"]
[Round "3"]
[White "Hydra88"]
[Black "mjohnson21"]
[Result "1/2-1/2"]
[ICCResult "Game drawn by repetition"]
[WhiteElo "1491"]
[BlackElo "1387"]
[Opening "Scotch: Blumenfeld attack"]
[ECO "C45"]
[NIC "SO.05"]
[Time "19:34:15"]
[TimeControl "4200+10"]

1. e4 e5 2. Nf3 Nc6 3. d4 exd4 4. Nxd4 Bc5 5. Be3 Qf6 6. Nb5 Bxe3 7. fxe3
Qe5 8. N1c3 a6 9. Nd4 Nf6 10. Nxc6 dxc6 11. Qd4 Qxd4 12. exd4 O-O 13. O-O-O
Bg4 14. Rd2 Rfe8 15. h3 Bh5 16. e5 Nd7 17. Be2 Bg6 18. Bg4 Nb6 19. Re1 Nc4
20. Rf2 h5 21. Bf5 Bxf5 22. Rxf5 g6 23. Rf6 Rad8 24. Ne2 Ne3 25. Nf4 Nd5 26.
Nxd5 Rxd5 27. c3 Kg7 28. Ref1 Re7 29. Kc2 c5 30. R6f4 cxd4 31. cxd4 c5 32.
Rd1 cxd4 33. Rfxd4 Rxd4 34. Rxd4 Rxe5 35. Rd2 Re3 36. Rf2 f5 37. Kd2 Re4 38.
Kd3 Kf6 39. a3 g5 40. g3 Ke5 41. Rc2 Rd4+ 42. Ke3 f4+ 43. gxf4+ gxf4+ 44.
Kf3 Rd3+ 45. Kg2 Ke4 46. Rf2 Ke3 47. Rf3+ Ke2 48. Rxf4 Kd2 49. Rb4 b5 50. a4
Rd5 51. axb5 a5 52. Ra4 Rxb5 53. Kf2 Kc2 54. Ke2 Kxb2 55. Kd3 Kb3 56. Ra1
Rd5+ 57. Ke4 Rb5 58. Kd3 Rb4 59. Rxa5 Rh4 60. Ke3 Rxh3+ 61. Kf4 Kc4 62. Rg5
Kd4 63. Rf5 h4 64. Rh5 Rh1 65. Kg4 Ke4 66. Rxh4 Rg1+ 67. Kh3+ Kf3 68. Kh2
Rg2+ 69. Kh3 Ra2 70. Rh8 Ra1 71. Rf8+ Ke4 72. Re8+ Kf5 73. Kg3 Ra3+ 74. Kf2
Kf4 75. Rf8+ Ke4 76. Re8+ Kf5 77. Rf8+ Ke5 78. Re8+ Kf6 79. Re3 Ra2+ 80. Re2
Ra5 81. Re3 Kg5 82. Rg3+ Kh4 83. Rg1 Ra2+ 84. Kf3 Ra3+ 85. Kf4 Ra4+ 86. Kf3
Kh5 87. Rh1+ Kg5 88. Rg1+ Kf5 89. Rb1 Ra3+ 90. Ke2 Ke4 91. Rb4+ Kd5 92. Rb5+
Kc4 93. Rg5 Kd4 94. Rg4+ Ke5 95. Rg5+ Ke4 96. Rg4+ Kf5 97. Rd4 Ke5 98. Rd3
Ra2+ 99. Rd2 Ra4 100. Rd3 Kf4 101. Rf3+ Kg4 102. Rd3 Ra2+ 103. Rd2 Ra4 104.
Rd3 Kf4 105. Rf3+ Kg4 106. Rd3 {Game drawn by repetition} 1/2-1/2

[Event "ICC tourney 2149 (70 10)"]
[Site "Internet Chess Club"]
[Date "2020.11.21"]
[Round "3"]
[White "VirginiaGuy"]
[Black "Missyboo"]
[Result "1-0"]
[ICCResult "Black resigns"]
[WhiteElo "1516"]
[BlackElo "1281"]
[Opening "Pirc: Ufimtsev-Pytel variation"]
[ECO "B07"]
[NIC "PU.08"]
[Time "19:34:36"]
[TimeControl "4200+10"]

1. d4 d6 2. e4 Nf6 3. Nc3 c6 4. Nf3 Bg4 5. Be2 Nbd7 6. O-O e5 7. Be3 Be7 8.
Re1 O-O 9. Rb1 Qc7 10. d5 cxd5 11. Nxd5 Nxd5 12. exd5 e4 13. Nd4 Bxe2 14.
Nxe2 f5 15. Nf4 Rfc8 16. c3 Nf8 17. Ne6 Nxe6 18. dxe6 Qc4 19. Qb3 Qxb3 20.
axb3 Rf8 21. Bd4 Bf6 22. Be3 Rfe8 23. Ra1 a6 24. Red1 Rxe6 25. Rd5 g6 26.
Rad1 Be7 27. Bb6 f4 28. Bc7 Re8 29. Bxd6 Bxd6 30. Rxd6 Rxd6 31. Rxd6 Re7 32.
Kf1 Kf7 33. Ke2 g5 34. Rd5 Kf6 35. Rd6+ Kg7 36. Rd5 h6 37. Rd6 g4 38. Rd5
Re6 39. Rd7+ Kg6 40. Rxb7 h5 41. Rb8 Re5 42. Rb6+ Kg5 43. Rxa6 f3+ 44. Kf1
fxg2+ 45. Kxg2 Rd5 46. Ra4 Kf4 47. Rd4 Ra5 48. b4 Ra1 49. b5 h4 50. h3 gxh3+
51. Kxh3 Rb1 52. b4 Rb3 53. Rc4 Rb2 54. b6 Rxf2 55. b7 Rf3+ 56. Kxh4 Ke3 57.
b8=Q Rf4+ 58. Qxf4+ Kxf4 59. b5 Kf3 60. b6 e3 61. Rc8 e2 62. Re8 Kf2 63. b7
{Black resigns}
1-0

[Event "ICC tourney 2149 (70 10)"]
[Site "Internet Chess Club"]
[Date "2020.11.21"]
[Round "3"]
[White "MahchessICC"]
[Black "LeoRamirezT"]
[Result "1-0"]
[ICCResult "Black resigns"]
[WhiteElo "1315"]
[BlackElo "1363"]
[Opening "French: classical, Tarrasch variation"]
[ECO "C14"]
[NIC "FR.06"]
[Time "19:34:33"]
[TimeControl "4200+10"]

1. e4 e6 2. d4 d5 3. Nc3 Nf6 4. Bg5 Be7 5. e5 Nfd7 6. Bxe7 Qxe7 7. Bd3 f6 8.
Qh5+ Qf7 9. Qxf7+ Kxf7 10. Nf3 h6 11. exf6 gxf6 12. Kd2 a6 13. Rae1 Nb6 14.
Nh4 Rg8 15. b3 Nc6 16. Ne2 Rg4 17. g3 Nxd4 18. Nxd4 Rxd4 19. f4 Bd7 20. c3
Rxd3+ 21. Kxd3 Bb5+ 22. Kc2 a5 23. a4 Bc6 24. Rhf1 Rg8 25. Nf3 Bd7 26. Nd2
c5 27. Kd3 c4+ 28. bxc4 Nxa4 29. cxd5 exd5 30. Kd4 Bc6 31. Re3 Rd8 32. Rfe1
Rd7 33. Re6 Rc7 34. c4 Rd7 35. c5 Rc7 36. R1e3 Nxc5 37. Kxc5 Bd7+ 38. Kd6
Rc2 39. Kxd7 Rxd2 40. Rb6 d4 41. Ree6 a4 42. Rxf6+ {Black resigns} 1-0

[Event "ICC tourney 2149 (70 10)"]
[Site "Internet Chess Club"]
[Date "2020.11.21"]
[Round "3"]
[White "leilei8514"]
[Black "Rishibhatt"]
[Result "1-0"]
[ICCResult "Black resigns"]
[WhiteElo "1345"]
[BlackElo "1242"]
[Opening "Scotch opening"]
[ECO "C44"]
[NIC "KP.10"]
[Time "19:35:11"]
[TimeControl "4200+10"]

1. e4 e5 2. Nf3 Nc6 3. d4 d6 4. dxe5 Nxe5 5. Nxe5 dxe5 6. Qxd8+ Kxd8 7. Nc3
h6 8. Be3 c6 9. a3 Nf6 10. O-O-O+ Ke8 11. f3 Be7 12. Be2 Bd8 13. Kb1 b6 14.
Bf2 Ke7 15. Rd2 Re8 16. Rhd1 Be6 17. Bg3 Bc7 18. Na2 Red8 19. Nb4 Rxd2 20.
Rxd2 Bd7 21. Bc4 Nh5 22. Bf2 c5 23. Nd5+ Kd8 24. Nxc7 Kxc7 25. Bxf7 Nf4 26.
Bg3 Rd8 27. Bxf4 exf4 28. Kc1 Be8 29. Rxd8 Kxd8 30. Bxe8 Kxe8 31. Kd2 Kd8
32. Kd3 Kd7 33. Kc4 Kc6 34. g3 fxg3 35. hxg3 h5 36. f4 g6 37. b4 cxb4 38.
axb4 a5 39. bxa5 bxa5 40. e5 Kb6 41. Kd5 a4 42. e6 Kc7 43. Kc4 Kd6 44. Kb4
a3 45. Kxa3 Kxe6 46. Kb4 Kf5 47. c4 Kg4 48. c5 Kxg3 49. c6 h4 50. c7 h3 51.
c8=Q h2 52. Qc1 Kg2 53. Qd2+ Kg1 54. Qe1+ Kg2 55. Qe2+ Kg1 56. Qg4+ Kh1 57.
Qf3+ Kg1 58. Qg3+ Kh1 59. Kc4 g5 60. Qe1+ Kg2 61. fxg5 h1=Q 62. Qxh1+
{Black resigns}
1-0

[Event "ICC tourney 2149 (70 10)"]
[Site "Internet Chess Club"]
[Date "2020.11.21"]
[Round "3"]
[White "haarim"]
[Black "ruhanv"]
[Result "1/2-1/2"]
[ICCResult "Game drawn by repetition"]
[WhiteElo "1437"]
[BlackElo "1253"]
[Opening "Caro-Kann: two knights, 3...Bg4"]
[ECO "B10"]
[NIC "CK.01"]
[Time "19:34:19"]
[TimeControl "4200+10"]

1. e4 c6 2. Nf3 d5 3. Nc3 Bg4 4. h3 Bxf3 5. Qxf3 e6 6. exd5 cxd5 7. d4 a6 8.
Bd3 Nc6 9. Ne2 Nf6 10. c3 Bd6 11. O-O h6 12. Ng3 e5 13. dxe5 Nxe5 14. Qe2
O-O 15. Re1 Re8 16. Be3 Qc7 17. Nf5 Nxd3 18. Qxd3 Bc5 19. Bd4 Bxd4 20. Qxd4
Re4 21. Rxe4 dxe4 22. Nxh6+ Kh7 23. Ng4 Qe7 24. Nxf6+ gxf6 25. Rd1 Re8 26.
Qd7 b5 27. Qf5+ Kg7 28. Rd7 Qe6 29. Qxe6 Rxe6 30. Kf1 f5 31. Ke2 f4 32. f3
Rg6 33. Kf1 exf3 34. gxf3 Rg3 35. Kf2 Rxh3 36. Kg2 Rg3+ 37. Kf2 Rh3 38. Rd2
Rh6 39. b3 Rc6 40. Rc2 Kf6 41. c4 b4 42. Rd2 Re6 43. Rd5 Re5 44. Rd6+ Re6
45. Rd5 Re5 46. Rd8 Ke7 47. Rd4 Rf5 48. Ke2 Re5+ 49. Kd2 Rh5 50. Re4+ Kd6
51. Re2 Ra5 52. Kd3 Re5 53. Re4 Rf5 54. Rd4+ Kc6 55. Ke4 Rh5 56. Rd2 Rh4 57.
Kf5 f6 58. Kxf6 Rh3 59. Rf2 Rh5 60. Re2 Rh3 61. Rf2 Rh5 62. Kg6 Re5 63. Kf6
Rh5 64. Kg6 Re5 65. Kf6 Rh5 {Game drawn by repetition} 1/2-1/2

[Event "ICC tourney 2149 (70 10)"]
[Site "Internet Chess Club"]
[Date "2020.11.21"]
[Round "3"]
[White "chessfans2020"]
[Black "sandwich-monkey"]
[Result "1/2-1/2"]
[ICCResult "Game drawn by mutual agreement"]
[WhiteElo "1525"]
[BlackElo "1600"]
[Opening "Caro-Kann: two knights variation"]
[ECO "B11"]
[NIC "CK.01"]
[Time "19:34:56"]
[TimeControl "4200+10"]

1. e4 c6 2. Nc3 d5 3. Nf3 dxe4 4. Nxe4 Bf5 5. Ng3 Bg6 6. h4 h6 7. Ne5 Qd6 8.
Nxg6 Qxg6 9. d4 Qd6 10. c3 Nf6 11. Bd3 e6 12. Ne4 Nxe4 13. Bxe4 Nd7 14. Qc2
Nf6 15. Bf3 Qc7 16. Bd2 Be7 17. O-O-O O-O-O 18. Rh3 Bd6 19. Kb1 Nd5 20. Bxd5
cxd5 21. c4 dxc4 22. Rc1 Kb8 23. Qxc4 Qxc4 24. Rxc4 Bc7 25. Rhc3 Bb6 26.
Bf4+ Ka8 27. Bc7 Rxd4 28. Bxb6 Rxc4 29. Rxc4 axb6 30. Rc7 Rf8 31. Kc2 Kb8
32. Re7 Rc8+ 33. Kb3 Rc7 34. Re8+ Ka7 35. h5 b5 36. Rg8 f6 37. Re8 e5 38.
Re6 Rd7 39. Kc2 Rd4 40. f3 Rh4 41. Re7 Rxh5 42. Rxg7 Rh2 43. Kb3 Rh4 44. Rf7
Rh2 45. Rxf6 Rxg2 46. Rxh6 Rg3 47. Kb4 Rxf3 48. Re6 Re3 49. Kxb5 Re2 50. Kc4
Rxb2 51. Rxe5 Rxa2 52. Rb5 Rc2+ 53. Kb3 Rc1 54. Kb2 Rc6 55. Kb3 Ka6 56. Rb4
Rc5 57. Ra4+ Kb6 58. Rb4+ Kc6 59. Rh4 Rb5+ 60. Ka4 Rd5 61. Rh6+ Kc5 62. Rh8
Rd4+ 63. Kb3 Rd3+ 64. Kc2 Rd6 65. Kb3 Rd3+ 66. Kc2 Rd7 67. Kc3 Kb5 68. Kb3
Rd3+ 69. Kc2 Rd6 70. Kb3 Re6 71. Rh5+ Kc6 72. Kc4 Rf6 73. Rc5+ Kb6 74. Rb5+
Ka6 75. Rh5 b5+ 76. Kb3 Ka5 77. Rh8 Rf3+ 78. Kb2 Kb4 79. Rh4+ Ka5 80. Rh8 b4
81. Ra8+ Kb5 82. Rb8+ Kc5 83. Rc8+ Kd5 84. Rb8 Rf4 85. Kb3 Kc5 86. Rc8+ Kb6
87. Rb8+ Ka5 88. Ra8+ Kb5 89. Rb8+ Kc5 90. Rc8+ Kb6 91. Rb8+
{Game drawn by mutual agreement}
1/2-1/2

[Event "ICC tourney 2149 (70 10)"]
[Site "Internet Chess Club"]
[Date "2020.11.22"]
[Round "4"]
[White "Rishibhatt"]
[Black "srguy55"]
[Result "1-0"]
[ICCResult "Black checkmated"]
[WhiteElo "1480"]
[BlackElo "1354"]
[Opening "Giuoco Pianissimo: Italian four knights variation"]
[ECO "C55"]
[NIC "IG.01"]
[Time "12:33:21"]
[TimeControl "4200+10"]

1. e4 e5 2. Nf3 Nc6 3. Bc4 Nf6 4. Nc3 Bc5 5. d3 O-O 6. Bg5 d6 7. Nd5 Bg4 8.
Nxf6+ gxf6 9. Bh6 Re8 10. Qd2 Bxf3 11. gxf3 Nd4 12. Rg1+ Kh8 13. Bg7+ Kg8
14. Bxf6+ Kf8 15. Qh6# {Black checkmated} 1-0

[Event "ICC tourney 2149 (70 10)"]
[Site "Internet Chess Club"]
[Date "2020.11.22"]
[Round "4"]
[White "lwidjaja"]
[Black "ranu540"]
[Result "1-0"]
[ICCResult "Black checkmated"]
[WhiteElo "1421"]
[BlackElo "1329"]
[Opening "Sicilian: Smith-Morra gambit"]
[ECO "B21"]
[NIC "SI.48"]
[Time "12:33:25"]
[TimeControl "4200+10"]

1. e4 c5 2. d4 cxd4 3. c3 dxc3 4. Nxc3 g6 5. Bc4 Bg7 6. Nf3 e6 7. Nb5 d5 8.
exd5 exd5 9. Bxd5 Ne7 10. Bxf7+ Kxf7 11. Ng5+ Ke8 12. Nd6+ Kf8 13. Qb3 Qa5+
14. Bd2 Qd5 15. Qxd5 Nxd5 16. Nxc8 Nc6 17. Nd6 Bxb2 18. Rb1 Bc3 19. Bxc3
Nxc3 20. Rxb7 Ne5 21. Ne6+ Kg8 22. Rg7# {Black checkmated} 1-0

[Event "ICC tourney 2149 (70 10)"]
[Site "Internet Chess Club"]
[Date "2020.11.22"]
[Round "4"]
[White "hi321"]
[Black "AdityaBang"]
[Result "1-0"]
[ICCResult "Black resigns"]
[WhiteElo "1447"]
[BlackElo "1380"]
[Opening "Bird's opening"]
[ECO "A02"]
[NIC "VO.07"]
[Time "12:33:48"]
[TimeControl "4200+10"]

1. f4 d6 2. Nf3 Nf6 3. e3 g6 4. b3 Bg7 5. Bb2 O-O 6. d4 Ne4 7. Bd3 f5 8.
Nbd2 Nf6 9. h3 e6 10. Qe2 d5 11. Ne5 Nbd7 12. Ndf3 Nh5 13. Qf2 a6 14. g4
Nhf6 15. gxf5 exf5 16. O-O-O c6 17. Ng5 Nxe5 18. dxe5 Ne8 19. h4 h6 20. Nf3
h5 21. Rdg1 Kf7 22. Qg3 Be6 23. Ng5+ Ke7 24. Nxe6 Kxe6 25. Qxg6+ Kd7 26. e6+
Kc8 27. Bxg7 Rg8 28. Qxf5 Rxg7 29. Rxg7 Nxg7 30. e7+ Qd7 31. Qf8+ Qe8 32.
Qxg7 Kd7 33. Bf5+ Kc7 34. Qe5+ Kb6 35. Rg1 Ka7 36. Bg6 Qg8 37. e8=Q Rxe8 38.
Qxe8 Qg7 39. Qe5 Qf8 40. Bd3 Qa3+ 41. Kd2 Qa5+ 42. Qc3 Qd8 43. Rg7 Qxh4 44.
Qc5+ Kb8 45. Qe7 Qf2+ 46. Kc3 Qe1+ 47. Kb2 Qa1+ 48. Kxa1 {Black resigns} 1-0

[Event "ICC tourney 2149 (70 10)"]
[Site "Internet Chess Club"]
[Date "2020.11.22"]
[Round "4"]
[White "MahchessICC"]
[Black "smashattack"]
[Result "1-0"]
[ICCResult "Black resigns"]
[WhiteElo "1334"]
[BlackElo "1452"]
[Opening "Sicilian: Anderssen variation"]
[ECO "B41"]
[NIC "SI.41"]
[Time "12:33:29"]
[TimeControl "4200+10"]

1. e4 c5 2. Nf3 e6 3. d4 cxd4 4. Nxd4 Nf6 5. Bd3 Nc6 6. Nf3 Bb4+ 7. Bd2
Bxd2+ 8. Qxd2 O-O 9. Nc3 d5 10. exd5 Nxd5 11. O-O-O a6 12. Be4 Nxc3 13. Qxc3
Qc7 14. Rd2 Bd7 15. Rhd1 Rfd8 16. Ne5 Qxe5 17. Bxc6 Qxc3 18. bxc3 bxc6 19.
Rxd7 Rxd7 20. Rxd7 g6 21. Rc7 Kg7 22. Rxc6 Kf6 23. g3 a5 24. a4 Rd8 25. Rc5
Ra8 26. Kd2 Ra7 27. Ke3 Ke7 28. f4 Kd6 29. Kd4 h6 30. h4 Ra8 31. c4 Ra7 32.
g4 f5 33. g5 hxg5 34. hxg5 Ra8 35. Re5 Ra7 36. c5+ Kd7 37. c6+ Kd6 38. c4
Ra6 39. Rc5 Rb6 40. c7 {Black resigns} 1-0

[Event "ICC tourney 2149 (70 10)"]
[Site "Internet Chess Club"]
[Date "2020.11.22"]
[Round "4"]
[White "delennkier"]
[Black "Hydra88"]
[Result "0-1"]
[ICCResult "White resigns"]
[WhiteElo "1279"]
[BlackElo "1494"]
[Opening "QGD: 4.Nf3"]
[ECO "D37"]
[NIC "QO.16"]
[Time "12:33:19"]
[TimeControl "4200+10"]

1. d4 e6 2. c4 d5 3. Nc3 Nf6 4. Nf3 Be7 5. Bg5 h6 6. Bf4 b6 7. e3 c5 8. Bd3
cxd4 9. exd4 dxc4 10. Bxc4 O-O 11. O-O Nc6 12. d5 exd5 13. Nxd5 Nxd5 14.
Bxd5 Bb7 15. Rc1 Na5 16. Bxb7 Nxb7 17. Qxd8 Bxd8 18. Rfe1 Bf6 19. Ne5 Bxe5
20. Bxe5 Nc5 21. Bd6 Rfe8 22. Rxe8+ Rxe8 23. Bxc5 bxc5 24. Kf1 Rb8 25. b3
Rb5 26. Ke2 Kf8 27. Kd3 Ke7 28. Kc4 Rb7 29. Re1+ Kd6 30. Rd1+ Kc6 31. a3 Re7
32. f3 Re2 33. Rc1 Rxg2 34. b4 cxb4 35. axb4 Rxh2 36. b5+ Kb6 37. Rb1 Rh4+
38. Kd3 Rh5 39. Kc4 Rc5+ {White resigns} 0-1

[Event "ICC tourney 2149 (70 10)"]
[Site "Internet Chess Club"]
[Date "2020.11.22"]
[Round "4"]
[White "mjohnson21"]
[Black "venkataralla"]
[Result "0-1"]
[ICCResult "White resigns"]
[WhiteElo "1290"]
[BlackElo "1452"]
[Opening "King's Indian defense, 3.Nc3"]
[ECO "E61"]
[NIC "KI.76"]
[Time "12:33:23"]
[TimeControl "4200+10"]

1. d4 Nf6 2. c4 g6 3. Nc3 Bg7 4. Nf3 d6 5. Bf4 O-O 6. e4 c5 7. d5 e5 8. Bg5
h6 9. Be3 Ng4 10. Qd2 f5 11. h3 Nxe3 12. Qxe3 fxe4 13. Nxe4 Bf5 14. Bd3 Qe7
15. g4 Bd7 16. g5 h5 17. h4 Bg4 18. Nh2 Bf5 19. Kd2 Na6 20. a3 Nc7 21. Rhf1
b5 22. b3 Rab8 23. Ra2 bxc4 24. Bxc4 Nb5 25. Ng3 e4 26. Nxf5 Rxf5 27. f4 Bd4
28. Qe2 Nc3 29. Qe1 Nxa2 30. Nf3 Bc3+ {White resigns} 0-1

[Event "ICC tourney 2149 (70 10)"]
[Site "Internet Chess Club"]
[Date "2020.11.22"]
[Round "4"]
[White "ShriChess12"]
[Black "Knighthhhh"]
[Result "1/2-1/2"]
[ICCResult "Game drawn by mutual agreement"]
[WhiteElo "1416"]
[BlackElo "1112"]
[Opening "Giuoco Piano"]
[ECO "C54"]
[NIC "IG.02"]
[Time "12:33:26"]
[TimeControl "4200+10"]

1. e4 e5 2. Nf3 Nc6 3. Bc4 Bc5 4. c3 Nf6 5. d4 exd4 6. cxd4 Bb4+ 7. Bd2
Bxd2+ 8. Nbxd2 d5 9. exd5 Nxd5 10. O-O O-O 11. Nb3 Bg4 12. h3 Bh5 13. Be2
Nf4 14. Kh1 Re8 15. Bb5 a6 16. Bxc6 bxc6 17. Rc1 Qd5 18. Rc5 Bxf3 19. Qxf3
Qxf3 20. gxf3 Nxh3 21. Rxc6 Re2 22. Kg2 Nf4+ 23. Kg3 Nh5+ 24. Kg2 Rxb2 25.
Rxc7 Rxa2 26. Rfc1 Nf4+ 27. Kf1 g6 28. R7c2 Rxc2 29. Rxc2 Rb8 30. Nd2 a5 31.
Ra2 a4 32. Rxa4 Rb2 33. d5 Rxd2 34. Rxf4 Rxd5 35. Kg2 Rg5+ 36. Rg4 Rxg4+ 37.
fxg4 Kg7 38. g5 f6 39. f4 h6 40. gxh6+ Kxh6 41. Kg3 Kh5 42. Kh3
{Game drawn by mutual agreement}
1/2-1/2